 Dungeon Crawl Stone Soup version 0.25.1-1-g288607f5aa (webtiles) character file.

Game seed: 9787613391511389636

2734 protoss039 the Thaumaturge (level 9, -16/45 HPs)
             Began as a Deep Elf Earth Elementalist on July 21, 2020.
             Was a Priest of Sif Muna.
             Demolished by a two-headed ogre
             ... wielding a +0 giant club
              (26 damage)
             ... on level 8 of the Dungeon.
             The game lasted 00:35:19 (10878 turns).

protoss039 the Thaumaturge (DEEE)                  Turns: 10878, Time: 00:35:19

Health: -16/45     AC:  4    Str:  5    XL:     9   Next: 40%
Magic:  1/25       EV: 13    Int: 24    God:    Sif Muna [***...]
Gold:   374        SH:  0    Dex: 15    Spells: 14/29 levels left

rFire    . . .     SeeInvis .   o - staff of earth
rCold    . . .     Gourm    .   (no shield)
rNeg     . . .     Faith    .   c - +0 robe
rPois    .         Spirit   .   r - +0 helmet
rElec    .         Reflect  .   (no cloak)
rCorr    .         Harm     .   y - +0 pair of gloves
MR       .....                  (no boots)
Stlth    ++........             (no amulet)
HPRegen  0.15/turn              (no ring)
MPRegen  0.19/turn              (no ring)

@: no status effects
A: no striking features
a: Channel Magic, Forget Spell, Renounce Religion


You were on level 8 of the Dungeon.
You worshipped Sif Muna.
Sif Muna was most pleased with you.
You were very hungry.

You visited 1 branch of the dungeon, and saw 8 of its levels.
You also visited: Sewer.

You collected 374 gold pieces.

Inventory:

Missiles
 b - 61 stones (quivered)
Armour
 c - a +0 robe (worn)
 r - a +0 helmet (worn)
 y - a +0 pair of gloves (worn)
Magical Staves
 o - an uncursed staff of earth (weapon)
Jewellery
 h - an uncursed ring of protection from fire {unknown}
Wands
 t - a wand of iceblast (6)
 w - a wand of enslavement (16)
Scrolls
 a - 2 scrolls of magic mapping
 e - a scroll of enchant weapon
 j - 3 scrolls of remove curse
 m - 2 scrolls of blinking
 p - 4 scrolls of teleportation
 s - 2 scrolls of amnesia
 x - a scroll of enchant armour
Potions
 f - 3 potions of haste {unknown}
 g - 3 potions of cancellation {unknown}
 i - 8 potions of heal wounds
 k - 4 potions of resistance
 l - 4 potions of flight
 n - 2 potions of degeneration {unknown}
 q - a potion of lignification {unknown}
 u - 4 potions of curing {unknown}
 z - a potion of might {unknown}
 B - a potion of stabbing {unknown}
 C - 3 potions of brilliance {unknown}
Comestibles
 d - 7 rations


   Skills:
 - Level 3.0 Dodging
 - Level 3.0 Stealth
 + Level 10.9 Spellcasting
 + Level 4.7 Conjurations
 - Level 1.1 Transmutations
 + Level 8.6 Earth Magic
 * Level 5.1 Invocations


You had 14 spell levels left.
You knew the following spells:

 Your Spells              Type           Power        Failure   Level  Hunger
a - Sandblast             Erth           ######       1%          1    None
b - Passwall              Tmut/Erth      ######..     1%          2    None
c - Stone Arrow           Conj/Erth      ######       1%          3    None
d - Petrify               Tmut/Erth      ######..     6%          4    None
e - Lee's Rapid Deconstr  Erth           ######....   3%          5    ####...

Your spell library contained the following spells:

 Spells                   Type           Power        Failure   Level  Hunger
 Freeze                   Ice            ##..         4%          1    None
 Frozen Ramparts          Ice            ##....       14%         3    None
 Ozocubu's Armour         Chrm/Ice       ##......     14%         3    None
 Hailstorm                Conj/Ice       ###.....     19%         4    None
 Summon Ice Beast         Ice/Summ       ##......     43%         4    None


Dungeon Overview and Level Annotations

Branches:
Dungeon (8/15)             Temple (0/1) D:7           Sewer (visited)
   Lair: D:8-11

Altars:
Cheibriados
Hepliaklqana
Makhleb
Qazlal
Sif Muna
Trog
Vehumet
Xom
Yredelemnul
Zin
The Shining One

Shops:
D:6 *

Annotations:
D:3 3 runed translucent doors, Nebesus's ghost, amateur CeMo


Message History

The blast of sand hits the two-headed ogre!!
The two-headed ogre is severely wounded.
b - 62 stones Unknown command.
Unknown command.
Casting: Sandblast (safe; 1% risk of failure)
Confirm with . or Enter, or press ? or * to list all spells.
Aiming: Sandblast (safe; 1% risk of failure)
Press: ? - help, Shift-Dir - straight line, f/p - two-headed ogre
Aim: a two-headed ogre, wielding a +0 giant club and a +0 giant spiked club (severely wounded)
You feel a surge of power!
The blast of sand hits the two-headed ogre!
The two-headed ogre is severely wounded.
b - 61 stones The two-headed ogre hits you with a +0 giant club!!
Ouch! That really hurt!
* * * LOW HITPOINT WARNING * * *
The two-headed ogre hits you with a +0 giant spiked club!!
Ouch! That really hurt!
You die...

#### ## ##...##
#.###.....##
##..#....##.##
###..@..........
##.....O......#
#.............#
.............##..
!....#........# .
.....##..#....##....
.... #..#.#........
..## #.......#.....
#......§≈≈≈≈#.


You could see a two-headed ogre.

Vanquished Creatures
  2 insubstantial wisps (D:8)
  An ice beast (D:5)
  4 ogres
  3 sky beasts
  2 phantoms
  The ghost of LaGuigne83 the Conjurer, an amateur DrCj (D:4)
  2 bullfrogs (D:6)
  A big kobold (Sewer)
  A scorpion (D:3)
  5 killer bees (D:7)
  A howler monkey (D:4)
  2 crimson imps
  A bullfrog zombie (D:5)
  A centaur zombie (D:6)
  2 hounds
  A jelly (D:3)
  A centaur skeleton (D:6)
  2 orc priests
  2 orc wizards (D:3)
  A bullfrog skeleton (D:5)
  A gnoll shaman (D:7)
  3 worker ants (D:7)
  2 hound zombies
  A worker ant zombie (D:5)
  25 gnolls
  2 adders
  4 river rats
  2 shadow imps
  An ooze (Sewer)
  2 adder skeletons (D:4)
  8 worms
  6 dart slugs
  5 leopard geckos
  16 orcs
  9 ball pythons
  6 giant cockroaches
  7 hobgoblins
  6 jackals
  18 kobolds
  4 quokkas
  A ball python zombie (D:5)
  8 bats
  3 frilled lizards
  8 goblins
  A jackal zombie (D:3)
  29 rats
214 creatures vanquished.

Notes
Turn   | Place    | Note
-------+----------+-------------------------------------------
     0 | D:1      | protoss039 the Deep Elf Earth Elementalist began the quest
                  | for the Orb.
     0 | D:1      | Reached XP level 1. HP: 10/10 MP: 6/6
   252 | D:1      | Reached XP level 2. HP: 9/15 MP: 4/8
   870 | D:1      | Reached XP level 3. HP: 6/19 MP: 0/9
  1303 | D:1      | Learned a level 2 spell: Passwall
  1307 | D:1      | Learned a level 3 spell: Stone Arrow
  2259 | D:2      | Reached skill level 4 in Spellcasting
  2731 | D:2      | Found a shimmering altar of Xom.
  2872 | D:2      | Found a faded altar of an unknown god.
  2982 | D:3      | Found a runed translucent gate.
  2982 | D:3      | Found a runed translucent gate.
  2983 | D:3      | Found a runed translucent gate.
  2984 | D:3      | Noticed Nebesus's ghost (amateur CeMo)
  3040 | D:3      | Reached XP level 4. HP: 24/24 MP: 7/12
  3564 | D:3      | Reached skill level 5 in Spellcasting
  3564 | D:3      | Reached XP level 5. HP: 28/28 MP: 8/14
  3625 | D:3      | Reached skill level 5 in Earth Magic
  3741 | D:3      | Noticed an ogre
  3744 | D:3      | Killed an ogre
  3744 | D:3      | Reached skill level 6 in Spellcasting
  3744 | D:3      | Reached XP level 6. HP: 32/32 MP: 12/17
  3750 | D:3      | Learned a level 4 spell: Petrify
  3756 | D:3      | Learned a level 5 spell: Lee's Rapid Deconstruction
  4439 | D:3      | Found a shimmering blue altar of Sif Muna.
  4447 | D:3      | Became a worshipper of Sif Muna the Loreminder
  4734 | D:4      | Found a runed translucent door.
  4739 | D:4      | Reached skill level 7 in Spellcasting
  4767 | D:4      | Noticed LaGuigne83's ghost (amateur DrCj)
  4783 | D:4      | Killed LaGuigne83's ghost
  4985 | D:4      | Found a runed translucent door.
  5025 | D:4      | Reached skill level 1 in Invocations
  5025 | D:4      | Reached XP level 7. HP: 36/36 MP: 11/19
  5057 | D:3      | Reached skill level 1 in Conjurations
  5531 | D:4      | Reached skill level 8 in Spellcasting
  5872 | D:4      | Found a glowing silver altar of Zin.
  5910 | D:5      | Entered Level 5 of the Dungeon
  6259 | D:5      | Found a glowing golden altar of the Shining One.
  6306 | D:5      | Reached XP level 8. HP: 38/41 MP: 1/22
  6435 | D:5      | Reached * piety under Sif Muna
  6447 | D:5      | Found a glowing drain.
  6451 | Sewer    | Entered a sewer
  7578 | Sewer    | Reached ** piety under Sif Muna
  8267 | D:5      | Reached skill level 9 in Spellcasting
  8292 | D:5      | Found a burning altar of Makhleb.
  8293 | D:5      | Found a hazy altar of Hepliaklqana.
  9564 | D:6      | Found Wif Hil's General Store.
 10110 | D:7      | Found a radiant altar of Vehumet.
 10130 | D:7      | Reached skill level 10 in Spellcasting
 10210 | D:7      | Reached XP level 9. HP: 45/45 MP: 5/25
 10366 | D:7      | Reached *** piety under Sif Muna
 10589 | D:7      | Found a stormy altar of Qazlal.
 10612 | D:7      | Found a bloodstained altar of Trog.
 10613 | D:7      | Found a basalt altar of Yredelemnul.
 10727 | D:7      | Found a snail-covered altar of Cheibriados.
 10818 | D:7      | Found a staircase to the Ecumenical Temple.
 10860 | D:8      | Reached skill level 5 in Invocations
 10871 | D:8      | Noticed a two-headed ogre
 10878 | D:8      | Demolished by a two-headed ogre

Illustrated notes

Levels and vault maps discovered:
D:1:      mrwooster_arrival_statue_2, layout_basic, minmay_bisected
D:2:      layout_basic, nicolae_overflow_hidden_temple, first_ration,
          chequers_ecumenical_altar_grove
D:3:      layout_loops_ring, marbit_many_paths, ebering_ghost_rock_garden
D:4:      layout_loops_cross, zin_scriptorium, ebering_ghost_sewer_f
D:5:      minmay_inner_zag, layout_basic, grunt_temple_overflow_open,
          basic_altar, gup_sewer_entry_bowl
D:6:      layout_cave_pods, serial_shops, shop_statue
D:7:      layout_rooms, slow_altar_2, old_standard_altar, fiery_altar_vehumet,
          gammafunk_temple_overflow_statue, temple_statues
D:8:      layout_cave_pools, ashenzari_altar_1, hangedman_misty_isle, uniq_pikel

Skill      XL: |  1  2  3  4  5  6  7  8  9 |
---------------+----------------------------+-----
Dodging        | 3 |  3.0
Stealth        | 3 |  3.0
Earth Magic    | 4 5 6 7 8 |  8.6
Spellcasting   | 4 5 6 7 8 10 | 10.9
Invocations    | 1 2 4 5 |  5.1
Conjurations   | 2 4 |  4.7
Transmutations | |  1.1

Action                   |  1- 3 |  4- 6 |  7- 9 || total
-------------------------+-------+-------+-------++-------
Melee: Club              |    11 |       |       ||    11
       Spear             |   104 |       |       ||   104
       Staff             |       |     9 |     3 ||    12
 Cast: Sandblast         |    41 |    61 |    25 ||   127
       Stone Arrow       |     1 |    10 |   162 ||   173
       Lee's Rapid Decon |       |       |     3 ||     3
  Use: Scroll            |     3 |     2 |     8 ||    13
 Stab: Sleeping          |     7 |     2 |       ||     9
  Eat: Chunk             |     5 |     8 |    10 ||    23
       Ration            |       |       |     2 ||     2
Armor: Robe              |    16 |     7 |     9 ||    32
Dodge: Dodged            |    64 |    27 |    28 ||   119
